Map: Orbital Shipyard

Players

LilDicky

  • Race: Terran Terran
  • League: Diamond

Garbo - Winner!

  • Race: Terran Terran
  • League: Diamond

VOD

http://www.twitch.tv/tumescentpie

Description

Time

  • Played on: Dec. 20, 2015, 11:54 a.m.
  • Length: 5:44
Show
View Real Time Build Order
Export as new Build Order

LilDicky Terran 

Build Orders: 1/1/1, Banshee Rush 

Get SALT Encoding   

  12  0:01  SCV  
  13  0:14  SCV  
  14  0:18  Supply Depot  
  14  0:26  SCV  
  15  0:31  Refinery  
  15  0:42  SCV  
  16  0:46  Barracks  
  16  0:55  SCV  
  17  1:07  SCV  
  18  1:20  SCV  
  18  1:21  Supply Depot  
  20  1:33  Marine  
  20  1:39  Refinery, Orbital Command  
  20  1:41  Factory  
  20  1:51  Marine  
  21  2:06  SCV  
  22  2:09  Marine  
  23  2:18  SCV  
  24  2:27  Factory Tech Lab  
  24  2:29  Starport  
  24  2:30  SCV  
  24  2:32  Marine  
  26  2:42  SCV  
  27  2:53  Supply Depot  
  27  2:54  SCV  
  28  3:05  Marine  
  28  3:06  SCV  
  28  3:12  Supply Depot  
  30  3:13  Cloaking Field  
  30  3:14  Banshee, Widow Mine  
  30  3:18  Engineering Bay  
  30  3:19  SCV  
  36  3:23  Marine  
  37  3:31  SCV  
  38  3:41  Marine  
  38  3:43  SCV  
  38  3:48  Widow Mine  
  40  3:53  Missile Turret  
  43  3:58  SCV  
  43  4:00  Banshee  
  46  4:05  Command Center  
  46  4:10  SCV  
  47  4:21  Missile Turret x2  
  43  4:25  Widow Mine  
Show
View Real Time Build Order
Export as new Build Order

Garbo Terran - Winner!

Build Orders: 1/1/1, Liberator Opening 

Get SALT Encoding   

  12  0:01  SCV  
  13  0:13  SCV  
  14  0:17  Supply Depot  
  14  0:25  SCV  
  15  0:39  SCV, Barracks  
  16  0:47  Refinery  
  16  0:51  Refinery  
  16  0:54  SCV  
  17  1:06  SCV  
  18  1:18  SCV  
  19  1:26  Marine  
  19  1:27  Supply Depot  
  19  1:30  Orbital Command  
  20  1:45  Factory  
  20  1:49  Barracks Reactor  
  20  1:58  Supply Depot  
  20  2:03  SCV  
  22  2:15  SCV  
  22  2:25  Marine x2  
  22  2:28  Starport  
  22  2:29  Factory Tech Lab  
  24  2:33  SCV  
  25  2:43  Marine x2  
  27  2:45  SCV  
  27  2:47  Liberator  
  27  2:50  Siege Tank  
  31  2:57  SCV  
  32  3:05  Marine  
  35  3:06  Marine  
  35  3:10  SCV  
  38  3:22  Siege Tank  
  38  3:23  Marine  
  38  3:25  Marine  
  43  3:31  SCV  
  44  3:41  Marine  
  44  3:42  Marine  
  46  4:04  Command Center  
  46  4:11  Supply Depot, Liberator  
  46  4:26  SCV  
  50  4:38  SCV  
  50  4:49  Widow Mine  
  50  4:50  SCV  
  50  4:51  Marine  
  50  4:52  Marine  
  48  5:03  SCV  
  46  5:11  Viking  
  32  5:41  Engineering Bay  
Tags
 
Add a new tag
Caveats
  • Supply blocks, unpowered buildings, or Contaminate may cause inaccurate times.
  • Supply counts are checked every 10 seconds.